 Dungeon Crawl Stone Soup version 0.18.1-50-g88ac8fd (webtiles) character file.

54 yungnami the Ruffian (level 3, -10/36 HPs)
             Began as a Troll Berserker on Oct 3, 2016.
             Was a Believer of Trog.
             Killed by divine providence
             ... invoked by an orc priest
              (13 damage)
             ... on level 3 of the Dungeon.
             The game lasted 00:07:45 (552 turns).

yungnami the Ruffian (Troll Berserker)               Turns: 552, Time: 00:07:45

Health: -10/36     AC:  5    Str: 26    XL:     3   Next: 66%
Magic:  2/2        EV: 10    Int:  3    God:    Trog [**....]
Gold:   25         SH:  0    Dex:  9    Spells: 0 memorised, 2 levels left

rFire  . . .     SeeInvis .     d - +0 falchion (curse)
rCold  . . .     Gourm    +     a - +0 animal skin
rNeg   . . .     Faith    .     (no shield)
rPois  .         Spirit   .     (helmet restricted)
rElec  .         Dismiss  .     (no cloak)
rCorr  .         Reflect  .     (gloves unavailable)
SustAt .         Harm     .     (boots unavailable)
MR     .....                    (no amulet)
Stlth  +.........               (no ring)
                                (no ring)

@: exhausted, slowed, very slow, not resistant to hostile enchantments, very
unstealthy
A: unfitting armour, claws 3, fast metabolism 3, gourmand, regeneration 2,
shaggy fur 1, tough skin 2
a: Berserk, Trog's Hand, Burn Spellbooks, Renounce Religion


You were on level 3 of the Dungeon.
You worshipped Trog.
Trog was pleased with you.
You were very hungry.

You visited 1 branch of the dungeon, and saw 3 of its levels.

You collected 25 gold pieces.

Inventory:

Hand Weapons
 d - a cursed +0 falchion (weapon)
Missiles
 i - 15 stones (quivered)
 k - 23 arrows
Armour
 a - a +0 animal skin (worn)
Scrolls
 c - 3 scrolls of identify {unknown}
 e - a scroll of magic mapping {unknown}
 g - a scroll of blinking {unknown}
 h - a scroll of enchant weapon {unknown}
Potions
 f - 2 potions of lignification {unknown}
Comestibles
 b - 2 bread rations
 j - a meat ration


   Skills:
 + Level 2.9 Fighting
 + Level 3.1 Dodging
 + Level 0.1 Stealth
 + Level 3.4 Unarmed Combat


You had 2 spell levels left.
You didn't know any spells.

Dungeon Overview and Level Annotations

Branches:
Dungeon (3/15)

Altars:


Innate Abilities, Weirdness & Mutations

You are too large for most types of armour.
You have claws for hands.
Your metabolism is lightning-fast.
You like to eat raw meat.
You heal very quickly.
You are covered in fur (AC +1).
You have very tough skin (AC +2).


Message History

You feel your anger subside.
You are no longer berserk.
You are exhausted.
You feel yourself slow down.
You are feeling very hungry.
Found 21 stones.
The orc priest looks braver for a moment.
The giant cockroach bites you.
* * * LOW HITPOINT WARNING * * *
Found an emerald potion.
The giant cockroach bites you.
* * * LOW HITPOINT WARNING * * *
You are too injured to fight recklessly!
You barely miss the giant cockroach. The giant cockroach barely misses you.
The giant cockroach bites you but does no damage.
You hit the giant cockroach.
You kill the giant cockroach!
Trog accepts your kill.
The orc priest mumbles some strange prayers to Beogh against you.
Beogh smites you!
You die...

..... ..##.#.# .....
.......(
..............# .
.........#.##...#####!
......................
.........#.# ......# .
...........###.....##..
.............o.........
.#.......#'####@...##..
.........†).###........
>........)%.'..<.......
............###.###.#..
.......#....# #.# # .
...........## #.#
............. ...
.................
..................


You could see an orc priest.

Vanquished Creatures
  2 adders (D:2)
  A worm (D:2)
  2 giant geckos (D:2)
  3 orcs (D:3)
  3 bats (D:1)
  2 giant cockroaches
  3 goblins
  A hobgoblin (D:2)
  3 jackals (D:2)
  2 kobolds
  4 giant newts
  2 rats (D:2)
28 creatures vanquished.

Notes
Turn   | Place    | Note
--------------------------------------------------------------
     0 | D:1      | yungnami the Troll Berserker began the quest for the Orb.
     0 | D:1      | Reached XP level 1. HP: 22/22 MP: 0/0
     4 | D:1      | Noticed an elf
     4 | D:1      | Noticed a ghoul
     6 | D:1      | Noticed a draconian
     6 | D:1      | Noticed an ogre
     8 | D:1      | Noticed an octopode
    10 | D:1      | Noticed a formicid
    12 | D:1      | Noticed a merfolk
    12 | D:1      | Noticed a demonspawn
    14 | D:1      | Noticed a spriggan
    14 | D:1      | Noticed a tengu
    16 | D:1      | Noticed a minotaur
    16 | D:1      | Noticed a vampire
    18 | D:1      | Noticed a halfling
    18 | D:1      | Noticed a naga
    20 | D:1      | Noticed a gargoyle
    20 | D:1      | Noticed a felid
    22 | D:1      | Noticed a troll
    22 | D:1      | Noticed a demigod
    24 | D:1      | Noticed a dwarf
    24 | D:1      | Noticed a centaur
    26 | D:1      | Noticed a vine stalker
    26 | D:1      | Noticed a human
   224 | D:1      | Reached XP level 2. HP: 28/29 MP: 1/1
   396 | D:2      | Reached XP level 3. HP: 30/36 MP: 2/2
   398 | D:2      | Reached ** piety under Trog
   550 | D:3      | HP: 1/36 [giant cockroach (2)]
   552 | D:3      | Killed from afar by an orc priest

Skill      XL: |  1  2 |
---------------+-------+-----
Dodging        | 3 |  3.1
Fighting       | |  2.9
Stealth        | |  0.1
Unarmed Combat | |  3.4

Action                   || total
-------------------------++-------
Melee: Unarmed           ||    77
       Falchion          ||    11
Invok: Berserk           ||     1
  Eat: Chunk             ||     2
Armor: Animal skin       ||    40
Dodge: Dodged            ||    70
